 Dungeon Crawl Stone Soup version 0.29.1-15-g9cfb28693d (webtiles) character file.

Game seed: 10934794344697052658

2 protoss039 the Digger (level 1, 0/13 HPs)
             Began as a Demonspawn Earth Elementalist on Mar 14, 2023.
             Slain by a quokka (3 damage)
             ... on level 1 of the Dungeon.
             The game lasted 00:00:12 (76 turns).

protoss039 the Digger (Demonspawn Earth Elementalist) Turns: 76, Time: 00:00:12

Health: 0/13       AC:  2    Str:  8    XL:     1   Next: 25%
Magic:  2/3        EV: 12    Int: 16    God:
Gold:   30         SH:  0    Dex: 13    Spells: 3/4 levels left

rFire   . . .      SeeInvis .   g - +0 dagger
rCold   . . .      Faith    .   (no shield)
rNeg    . . .      Spirit   .   a - +0 robe
rPois   .          Reflect  .   (no helmet)
rElec   .          Harm     .   (no cloak)
rCorr   .          Rampage  .   (no gloves)
Will    .....                   (no boots)
Stlth   ++........              (no amulet)
HPRegen 0.04/turn               (no ring)
MPRegen 0.08/turn               (no ring)

@: no status effects
A: no striking features
a: no special abilities


You were on level 1 of the Dungeon.
You visited 1 branch of the dungeon, and saw 1 of its levels.

You collected 30 gold pieces.

Inventory:

Hand Weapons
 c - a +0 club
 g - a +0 dagger (weapon)
Armour
 a - a +0 robe (worn)
Scrolls
 e - a scroll of teleportation {unknown}
 f - a scroll of enchant armour {unknown}
Potions
 b - a potion of magic
 d - a potion of lignification {unknown}


   Skills:
 + Level 0.1 Fighting
 - Level 1.7 Dodging
 - Level 1.7 Stealth
 + Level 2.0 Spellcasting
 - Level 0.8 Transmutations
 + Level 2.7 Earth Magic


You had 3 spell levels left.
You knew the following spells:

 Your Spells              Type           Power      Damage    Failure   Level
a - Sandblast             Erth           20%        2d7       7%          1

Your spell library contained the following spells:

 Spells                   Type           Power      Damage    Failure   Level
 Passwall                 Tmut/Erth      5%         N/A       16%         2
 Stone Arrow              Conj/Erth      12%        3d7       34%         3
 Petrify                  Tmut/Erth      7%         N/A       69%         4


Dungeon Overview and Level Annotations

Branches:
Dungeon (1/15) Zot: 5922

Altars:


Message History

d - a fuming coppery potion You now have 15 gold pieces.
e - a scroll labelled RULIZUETZ You see here a +0 dagger.
There is a staircase leading out of the dungeon here.
f - a scroll labelled NEURGH BAQE You now have 30 gold pieces (gained 15).
Key pressed, stopping explore.
No target in view!
No target in view!
Found a dagger.
No target in view!
A frilled lizard comes into view.
Found an escape hatch in the floor.
The frilled lizard hisses angrily.
The frilled lizard closely misses you.
A frilled lizard is nearby!
You hit the frilled lizard but do no damage.
The frilled lizard bites you but does no damage.
A frilled lizard is nearby!
You hit the frilled lizard but do no damage.
The frilled lizard barely misses you.
Casting: Sandblast (safe; 7% risk of failure)
Confirm with . or Enter, or press ? or * to list all spells.
Aiming: Sandblast (safe; 7% risk of failure)
Press: ? - help, Shift-Dir - straight line, f - frilled lizard
Aim: a frilled lizard (70% to hit)
The blast of sand hits the frilled lizard!
You kill the frilled lizard!
Unknown command.
A quokka comes into view.
You see here a +0 dagger.
g - a +0 dagger The quokka bites you.
g - a +0 dagger (weapon)
You hit the quokka but do no damage. The quokka bites you.
You barely miss the quokka. The quokka bites you.
* * * LOW HITPOINT WARNING * * *
The quokka bites you.
You die...

........ ..# ..
.......##.# ...#
.......... ###.#.#
........####...#.#
...#.........###.#
...##.........##.#
..............##.###
##.#....#..##.##r..#
.......##..##...@..#
...##.........##.#.#
#.........###.##.# #
#..#........#†##.#
..........#...##.#
...##..##.........
.... #......... .#.
#......... #
#.>.....


You could see a quokka.

Vanquished Creatures
  A goblin (D:1)
  A frilled lizard (D:1)
2 creatures vanquished.

Notes
Turn   | Place    | Note
-------+----------+-------------------------------------------
     0 | D:1      | protoss039 the Demonspawn Earth Elementalist began the
                  | quest for the Orb.
     0 | D:1      | Reached XP level 1. HP: 13/13 MP: 3/3
    76 | D:1      | Slain by a quokka

Illustrated notes

Levels and vault maps discovered:
D:1:      eino_arrival_water_cross, layout_rooms

Action                   || total
-------------------------++-------
Melee: Club              ||     2
       Dagger            ||     2
 Cast: Sandblast         ||     2
Armor: Robe              ||     1
Dodge: Dodged            ||     2
